 Dungeon Crawl Stone Soup version 0.31-a0-188-g5e087ee2ca (webtiles) character file.

Game seed: 13401811708161928661

95 qw the Shooter (level 4, -2/25 HPs)
             Began as a Deep Elf Hunter on June 23, 2023.
             Killed from afar by an orc wizard (9 damage)
             ... with a puff of flame
             ... on level 3 of the Dungeon.
             The game lasted 00:00:39 (1422 turns).

qw the Shooter (Deep Elf Hunter)                    Turns: 1422, Time: 00:00:39

Health: -2/25      AC:  5    Str:  9 (10) XL:     4   Next: 39%
Magic:  6/6        EV: 10    Int: 13 (14) God:
Gold:   89         SH:  0    Dex: 16 (18) Spells: 3/3 levels left

rFire   . . .        Y - +1 shortbow
rCold   . . .        (shield currently unavailable)
rNeg    . . .        f - +0 ring mail
rPois   .            (no helmet)
rElec   .            (no cloak)
rCorr   +            (no gloves)
SInv    .            (no boots)
Will    .....        (no amulet)
Stlth   +            h - ring of resist corrosion
HPRegen 0.24/turn    (no ring)
MPRegen 0.10/turn

%: no passive effects
@: no status effects
A: no striking features
a: no special abilities


You were on level 3 of the Dungeon.
You visited 1 branch of the dungeon, and saw 3 of its levels.

You collected 89 gold pieces.


   Skills:
 - Level 1.5 Fighting
 + Level 7.8 Ranged Weapons
 - Level 2.4 Dodging
 - Level 1.2 Stealth


You had 3 spell levels left.
You didn't know any spells.
Your spell library was empty.

Inventory:

Hand Weapons
 Y - a +1 shortbow (weapon)
Armour
 f - a +0 ring mail (worn)
Jewellery
 h - a ring of resist corrosion (left hand)
Scrolls
 a - a scroll of identify
 d - 2 scrolls of teleportation
Potions
 b - a potion of heal wounds
 e - a potion of cancellation
 i - a potion of might {unknown}

Dungeon Overview and Level Annotations

Branches:
Dungeon (3/15)

Altars:


Message History

You kill the orc!
The orc priest misses you.
You shoot an arrow. The arrow hits the orc priest!
The orc priest is heavily wounded.
The orc priest calls down the wrath of Beogh upon you.
Beogh smites you!
You shoot an arrow. The arrow barely misses the orc priest.
The orc priest closely misses you.
You shoot an arrow. The arrow hits the orc priest.
The orc priest is almost dead.
You shoot an arrow. The arrow hits the orc priest.
You kill the orc priest!
You feel your intelligence returning.
You have reached level 4!
You feel clever.
You shoot an arrow. The arrow hits the orc wizard.
The orc wizard is lightly wounded.
You shoot an arrow. The arrow hits the orc wizard.
The orc wizard is heavily wounded.
Something hits you but does no damage. Something completely misses you.
The orc wizard mumbles some strange words.
The orc wizard flickers and vanishes!
1410 ||| FLEEEEING.
Something hits you but does no damage.
1411 ||| STILL FLEEEEING.
1412 ||| STILL FLEEEEING.
1413 ||| FLEEEEING.
1414 ||| FLEEEEING.
Something hits you.
You hear some strange, mumbled words.
1415 ||| FLEEEEING.
Something hits you.
1416 ||| FLEEEEING.
1417 ||| FLEEEEING.
1418 ||| FLEEEEING.
1419 ||| FLEEEEING.
Something hits you.
1420 ||| STILL FLEEEEING.
1421 ||| FLEEEEING.
You see here a giant cockroach corpse.
1422 ||| FLEEEEING.
Something hits you.
You hear some strange, mumbled words.
A puff of flame appears from out of thin air!
The puff of flame hits you!
You die...

#..#.# #. #..#.# # #.#
#..#.# #.#.# #..#.#
#.#.########..#.#
#..........#..#.#
#.#...........#.#
#.#.....{#{#..#.##
#.#...##..!%@....#
#.#....o........<#
#####...#..........###
..o##..............#
#.#..##..####.#####
#>)...........#
#######.#.##### #.#..#
#.#..#


You could see an orc.

Vanquished Creatures
  An orc priest (D:3)
  An adder (D:2)
  A dart slug (D:1)
  An orc (D:3)
  A bat (D:2)
  3 endoplasms
  4 giant cockroaches
  6 goblins
  5 hobgoblins
  4 jackals (D:1)
  5 kobolds
  5 quokkas
  5 ball pythons
  3 frilled lizards
  A rat (D:1)
46 creatures vanquished.

Notes
Turn   | Place    | Note
-------+----------+-------------------------------------------
     0 | D:1      | qw the Deep Elf Hunter began the quest for the Orb.
     0 | D:1      | Reached XP level 1. HP: 12/12 MP: 3/3
     0 | D:1      | 0 ||| qw: Version: 0.3-a-9-g12657ce
     0 | D:1      | 0 ||| qw: Game counter: 3717
     0 | D:1      | 0 ||| qw: Always use a shield: true
     0 | D:1      | 0 ||| qw: God list: Okawaru
     0 | D:1      | 0 ||| qw: Allow faded altars: false
     0 | D:1      | 0 ||| qw: Do Orc after D:15 true
     0 | D:1      | 0 ||| qw: Do second Lair branch before Depths: true
     0 | D:1      | 0 ||| qw: Lair rune preference: random
     0 | D:1      | 0 ||| qw: Plans: Normal
     0 | D:1      | 0 ||| PLANNING D:1-11
   105 | D:1      | 105 ||| Stepping ~*~*~tactically~*~*~ (outnumbered).
   114 | D:1      | Reached skill level 6 in Ranged Weapons
   114 | D:1      | Reached XP level 2. HP: 12/16 MP: 4/4
   326 | D:1      | Reached XP level 3. HP: 20/20 MP: 5/5
   633 | D:1      | 633 ||| DROPPING amulet of magic regeneration.
   634 | D:1      | 634 ||| READING 2 scrolls labelled ONADISMODY.
   635 | D:1      | 635 ||| READING scroll labelled KUNUGE ECOFORA.
   636 | D:1      | 636 ||| READING scroll labelled TUESKILONTOSH.
   641 | D:1      | 641 ||| READING scroll labelled REGUNI QOGOG.
   642 | D:1      | 642 ||| DROPPING scroll of butterflies.
   810 | D:2      | Reached skill level 7 in Ranged Weapons
  1295 | D:2      | 1295 ||| UPGRADING to +0 ring mail.
  1305 | D:2      | 1305 ||| DROPPING +0 leather armour.
  1306 | D:2      | 1306 ||| UPGRADING to ring of resist corrosion.
  1307 | D:2      | 1307 ||| READING scroll labelled VAMMEOMM MEQE.
  1308 | D:2      | 1308 ||| DRINKING 2 smoky dark potions.
  1309 | D:2      | 1309 ||| DRINKING 2 white potions.
  1342 | D:2      | 1342 ||| READING 3 scrolls of identify.
  1342 | D:2      | 1342 ||| IDENTIFYING murky golden potion
  1343 | D:2      | 1343 ||| READING 2 scrolls of identify.
  1343 | D:2      | 1343 ||| IDENTIFYING fizzy white potion
  1344 | D:2      | 1344 ||| DROPPING potion of degeneration.
  1345 | D:2      | 1345 ||| DROPPING potion of lignification.
  1399 | D:3      | 1399 ||| Stepping ~*~*~tactically~*~*~ (outnumbered).
  1408 | D:3      | Reached XP level 4. HP: 15/25 MP: 6/6
  1410 | D:3      | 1410 ||| FLEEEEING.
  1413 | D:3      | 1413 ||| FLEEEEING.
  1414 | D:3      | 1414 ||| FLEEEEING.
  1415 | D:3      | 1415 ||| FLEEEEING.
  1416 | D:3      | 1416 ||| FLEEEEING.
  1417 | D:3      | 1417 ||| FLEEEEING.
  1418 | D:3      | 1418 ||| FLEEEEING.
  1419 | D:3      | 1419 ||| FLEEEEING.
  1421 | D:3      | 1421 ||| FLEEEEING.
  1422 | D:3      | 1422 ||| FLEEEEING.
  1422 | D:3      | Killed from afar by an orc wizard

Levels and vault maps discovered:
D:1:      dpeg_arrival_erosion, layout_basic
D:2:      cheibrodos_old_hovel, layout_basic,
          nicolae_concentric_dashed_squares_wild, minmay_split_cup_small
D:3:      layout_basic

Skill      XL: |  1  2  3 |
---------------+----------+-----
Ranged Weapons | 6 7 |  7.8
Fighting       | |  1.5
Dodging        | |  2.4
Stealth        | |  1.2

Action                     |  1- 3 |  4- 6 || total
---------------------------+-------+-------++-------
   Fire: Shortbow          |   116 |     2 ||   118
    Use: Scroll            |     7 |       ||     7
         Potion            |     2 |       ||     2
 Armour: Leather armour    |     5 |       ||     5
         Ring mail         |       |     2 ||     2
  Dodge: Dodged            |    20 |     1 ||    21

Table legend:
 A = Non-vault XP
 B = Vault XP
 C = Vault XP percentage of total XP
 D = Non-vault monster count
 E = Vault monster count
 F = Vault count percentage of total count
                 A         B        C        D         E       F
            +---------+---------+-------+---------+---------+-------
      Total |     118 |      18 |  13.2 |      42 |       4 |   8.7
            +---------+---------+-------+---------+---------+-------
        D:1 |      48 |       0 |   0.0 |      26 |       0 |   0.0
        D:2 |      22 |      18 |  45.0 |      12 |       4 |  25.0
        D:3 |      48 |       0 |   0.0 |       4 |       0 |   0.0
            +---------+---------+-------+---------+---------+-------
